AoeStats
← JOSE_JOE

Coastal Forest

510580843Analyzed
2v2 RM · 2d ago on Oct 1, 2026· 32m 34s· 4 players
Game mode
Random Map
Map size
Medium (4 player)
Population
200
Speed
Normal
Resources
Standard
Victory
Conquest
Starting age
Dark Age
Ending age
Imperial Age
RankedLock teamsTeams togetherTeam positionsShared explorationLock speedFull tech treeHidden civsTurbo modeCheats
Victory
Defeat
🇨🇳 Japanese · China
962
+15
🇹🇷 Huns · Türkiye
919
+17
🇷🇺 Poles · Russia
936
-16
🇷🇺 Malay · Russia
934
-16
WhiteRaven
7:58 Loom
13:25 Feudal Age
13:54 Double-Bit Axe
13:50 Horse Collar
18:11 Scale Barding Armor
19:02 Forging
21:15 Castle Age
19:30 Bloodlines
19:22 Gold Mining
19:25 Stone Mining
21:53 Wheelbarrow
25:35 Chain Barding Armor
мясная бимба
13:55 Feudal Age
18:13 Castle Age
16:47 Double-Bit Axe
17:12 Fishing Lines
19:07 Bow Saw
19:44 Gillnets
22:02 Wheelbarrow
21:11 Horse Collar
22:42 Scale Barding Armor
25:27 Husbandry
25:50 Forging
27:13 Stone Mining
27:13 Gold Mining
28:53 Hand Cart
29:49 Stone Shaft Mining
29:51 Gold Shaft Mining
31:19 Caravan
33:37 Iron Casting
JOSE_JOE
10:51 Feudal Age
9:13 Loom
10:59 Feudal Age
17:52 Castle Age
16:49 Double-Bit Axe
17:52 Gold Mining
19:20 Fletching
20:34 Padded Archer Armor
24:18 Gold Shaft Mining
24:05 Horse Collar
24:29 Pikeman
26:41 Bow Saw
27:48 Forging
30:20 Iron Casting
30:54 Bodkin Arrow
31:51 Ballistics
GTX-5090
6:00 Loom
10:26 Feudal Age
10:57 Town Watch
11:48 Wheelbarrow
10:56 Horse Collar
11:11 Double-Bit Axe
12:20 Wheelbarrow
13:18 Gold Mining
13:19 Stone Mining
20:39 Castle Age
20:26 Fletching
20:47 Forging
24:28 Scale Mail Armor
26:46 Murder Holes
27:01 Masonry
26:32 Treadmill Crane
27:18 Heavy Plow
29:41 Gold Shaft Mining
29:29 Bodkin Arrow
31:22 Yasama
31:21 Guard Tower
Connection lost

Rejoining the realm…

Still unreachable

The connection could not be restored.

Session expired

The server has moved on; the page needs a fresh start.